 Dungeon Crawl Stone Soup version 0.18-a0-721-g8fc53f4 (console) character file.

158 bli the Digger (level 5, -5/44 HPs)
             Began as a Deep Dwarf Earth Elementalist on Dec 8, 2015.
             Killed by nerve-wracking pain
             ... invoked by Grinder
              (11 damage)
             ... on level 3 of the Dungeon.
             The game lasted 00:08:14 (1982 turns).

bli the Digger (Deep Dwarf Earth Elementalist)      Turns: 1982, Time: 00:08:15

Health: -5/44      AC:  6    Str: 11    XL:     5   Next: 16%
Magic:  9/9        EV: 12    Int: 16    God:
Gold:   88         SH:  0    Dex: 14    Spells: 2 memorised, 6 levels left

rFire  . . .     SeeInvis .     x - +0 battleaxe
rCold  . . .     Clarity  .     w - +0 leather armour
rNeg   . . .     SustAt   .     (shield currently unavailable)
rPois  .         Gourm    .     (no helmet)
rElec  .         Spirit   .     (no cloak)
rCorr  .         Dismiss  .     s - +1 pair of gloves
rMut   .         Stasis   .     q - +0 pair of boots
MR     .....                    (no amulet)
Stlth  ++........               (no ring)
                                (no ring)

@: non-regenerating, not resistant to hostile enchantments, unstealthy
A: damage resistance, recharge devices, sense surroundings 1, slow regeneration
3
a: Device Recharging


You were on level 3 of the Dungeon.
You were not hungry.

You visited 1 branch of the dungeon, and saw 3 of its levels.

You collected 88 gold pieces.

Inventory:

Hand Weapons
 a - a +0 hunting sling
 c - a cursed +0 hand axe
 x - a +0 battleaxe (weapon)
Missiles
 b - 41 stones (quivered)
Armour
 g - a +0 robe
 h - a +0 ring mail
 q - a +0 pair of boots (worn)
 s - a +1 pair of gloves (worn)
 w - a +0 leather armour (worn)
Wands
 d - a wand of heal wounds (5)
Scrolls
 i - 4 scrolls of identify {unknown}
 t - a scroll of noise {unknown}
 u - 3 scrolls of recharging {unknown}
 y - a scroll of remove curse {unknown}
 z - a scroll of teleportation {unknown}
Potions
 f - 2 potions of brilliance {unknown}
 j - 2 potions of curing {unknown}
 l - a potion of degeneration {unknown}
 n - a potion of haste {unknown}
 o - a potion of flight {unknown}
 r - a potion of invisibility {unknown}
 v - a potion of ambrosia {unknown}
Books
 m - a book of Geomancy

   Spells                             Type                      Level
   a - Sandblast                      Earth                        1
   b - Stoneskin                      Transmutation/Earth          2
   c - Passwall                       Transmutation/Earth          3
   d - Stone Arrow                    Conjuration/Earth            3
   e - Petrify                        Transmutation/Earth          4
   f - Lee's Rapid Deconstruction     Earth                        5
Comestibles
 e - 3 bread rations
 k - 2 meat rations
 p - a beef jerky


   Skills:
 * Level 1.5 Fighting
 + Level 1.5 Slings
 + Level 0.7 Armour
 * Level 2.8 Dodging
 + Level 2.8 Stealth
 * Level 2.8 Spellcasting
 + Level 0.8 Transmutations
 + Level 4.9 Earth Magic


You had 6 spell levels left.
You knew the following spells:

 Your Spells              Type           Power        Failure   Level  Hunger
a - Sandblast             Erth           ###...       3%          1    #......
S - Stoneskin             Trmt/Erth      ##......     12%         2    ##.....


Dungeon Overview and Level Annotations

Branches:
Dungeon (3/15)

Altars:

Annotations:
D:3 Grinder


Innate Abilities, Weirdness & Mutations

You are resistant to damage.
You can recharge devices by infusing magical energy.
You passively map a small area around you.
You do not regenerate naturally.


Message History

The jackal bites you but does no damage.
You closely miss the jackal. The jackal closely misses you.
The jackal closely misses you.
You closely miss the jackal.
The jackal bites you but does no damage.
The jackal bites you. The jackal closely misses you.
Grinder shouts!
You hear a bark!
Grinder says, "I used to sell toenails on the black market."
A jackal comes into view.
You hit Grinder.
Grinder is lightly wounded.
The jackal moves out of view.
Grinder rolls his eyes.
Grinder hits you but does no damage. Grinder hits you.
* * * LOW HITPOINT WARNING * * *
You closely miss Grinder.
Grinder is lightly wounded.
Grinder gestures at you. Pain shoots through your body!
You die...

, #......).#*,
#........# ,
#........# ,
#........#
########
#...†....#*
#....... ,
#........#
#.####.# ** , ,
#........# *
#.#<...# , ( ,,
#........#*,*
#.#..### ...
###...hh## #.#..#
.!..####...#5# .#
#.#..#
....?(.....#@##
.# #.#..# *
#....(....#..##.#
#.#..#
#.........##.##.#
#.#..#
#........###..#.#
#.#..# #........#
##.#.# #.#..#
#...5....# #...#
#.#..# #........#
##..# #.#..#
#........# #..#
#.#..# ##########
##.#####.#..#
#>....#.######
#####.#.......


You could see Grinder and 2 jackals.

Vanquished Creatures
  The ghost of bli the Insei, an amateur DsMo of Ru (D:3)
  3 adders (D:2)
  A gnoll (D:1)
  An ooze (D:1)
  A worm (D:3)
  A giant gecko (D:1)
  An orc (D:2)
  3 giant cockroaches
  4 goblins
  3 hobgoblins
  7 kobolds
  A quokka (D:2)
  A bat (D:2)
  6 giant newts
  6 rats
40 creatures vanquished.

Notes
Turn   | Place    | Note
--------------------------------------------------------------
     0 | D:1      | bli the Deep Dwarf Earth Elementalist began the quest for the Orb.
     0 | D:1      | Reached XP level 1. HP: 15/15 MP: 3/3
   285 | D:1      | Reached XP level 2. HP: 22/24 MP: 4/4
   491 | D:1      | Reached skill level 1 in Fighting
   945 | D:2      | Reached XP level 3. HP: 24/31 MP: 1/6
  1091 | D:2      | Learned a level 2 spell: Stoneskin
  1709 | D:2      | Reached XP level 4. HP: 13/38 MP: 3/7
  1914 | D:3      | Noticed bli's ghost (amateur DsMo)
  1925 | D:3      | Killed bli's ghost
  1925 | D:3      | Reached skill level 1 in Slings
  1925 | D:3      | Reached XP level 5. HP: 8/44 MP: 2/9
  1965 | D:3      | Noticed Grinder
  1982 | D:3      | Killed from afar by Grinder

Vault maps used:
D:1:      dpeg_arrival_yet_another_circle, minmay_misc_feat_five
D:3:      uniq_grinder

Action                   |  1- 3 |  4- 6 || total
-------------------------+-------+-------++-------
Melee: Battleaxe         |       |     5 ||     5
 Fire: Hunting sling     |    50 |    13 ||    63
Throw: Stone             |     2 |     2 ||     4
 Cast: Sandblast         |    43 |     8 ||    51
       Stoneskin         |     2 |       ||     2
  Eat: Chunk             |     3 |     1 ||     4
